 Dungeon Crawl Stone Soup version 0.31-a0-846-gb3bcc0d938 (webtiles) character file.

Game seed: 11404856847431576549

5504 gruber the Frost Mage (level 10, 4/75 HPs)
             Began as a Gnoll Ice Elementalist on Oct 3, 2023.
             Quit the game on level 8 of the Dungeon.
             The game lasted 00:16:40 (9791 turns).

gruber the Frost Mage (Gnoll Ice Elementalist)      Turns: 9791, Time: 00:16:40

Health: 4/75       AC: 11    Str: 12    XL:     10   Next: 70%
Magic:  12/21      EV: 16    Int: 16    God:
Gold:   236        SH:  0    Dex: 18    Spells: 17/24 levels left

rFire   . . .        D - +2 short sword (venom)
rCold   . . .        (no shield)
rNeg    . . .        C - +1 leather armour of Jocular Life {rElec Str+3}
rPois   .            E - +0 helmet
rElec   +            (no cloak)
rCorr   .            (no gloves)
SInv    .            F - +1 pair of boots "Avvidu" {Fly}
Will    .....        (no amulet)
Stlth   +++          s - +6 ring of dexterity
HPRegen 0.32/turn    (no ring)
MPRegen 0.17/turn

%: no passive effects
@: flying
A: fangs 1, strong nose, distributed training, talons 1, iridescent scales 1,
dopey 1, shaggy fur 1, teleportitis 1
a: no special abilities


You were on level 8 of the Dungeon.
You visited 2 branches of the dungeon, and saw 10 of its levels.

You collected 445 gold pieces.
You spent 209 gold pieces at shops.

Inventory:

Hand Weapons
 D - a +2 short sword of venom (weapon)
 G - a +4 short sword
Missiles
 o - 14 poisoned darts
Armour
 C - the +1 leather armour of Jocular Life (worn) {rElec Str+3}
   (You found it on level 6 of the Dungeon)

   Str+3:     It affects your strength (+3).
   rElec:     It insulates you from electricity.
 E - a +0 helmet (worn)
 F - the +1 pair of boots "Avvidu" (worn) {Fly}
   (You bought it in a shop on level 4 of the Dungeon)

   Fly:       It grants you flight.
Jewellery
 s - a +6 ring of dexterity (left hand)
Wands
 a - a wand of digging (11)
 n - a wand of flame (19)
 x - a wand of iceblast (5)
 B - a wand of charming (16)
Scrolls
 d - 3 scrolls of blinking {unknown}
 f - 8 scrolls of teleportation {unknown}
 g - a scroll of amnesia {unknown}
 h - 10 scrolls of identify {unknown}
 m - 4 scrolls of revelation {unknown}
 p - 2 scrolls of immolation {unknown}
 q - 5 scrolls of fog {unknown}
 r - a scroll of fear {unknown}
 u - 2 scrolls of enchant weapon {unknown}
 v - 2 scrolls of poison {unknown}
 y - 4 scrolls of brand weapon {unknown}
 z - a scroll of enchant armour {unknown}
Potions
 b - 2 potions of magic
 c - a potion of degeneration {unknown}
 e - 2 potions of mutation
 i - a potion of heal wounds {unknown}
 j - 5 potions of brilliance {unknown}
 k - a potion of lignification {unknown}
 l - a potion of cancellation {unknown}
 t - a potion of haste {unknown}
 w - 3 potions of curing
 A - a potion of enlightenment {unknown}


   Skills:
 + Level 5.6 Fighting
 + Level 5.6 Short Blades
 + Level 5.6 Long Blades
 + Level 5.6 Axes
 + Level 5.6 Maces & Flails
 + Level 5.6 Polearms
 + Level 5.6 Staves
 + Level 5.6 Ranged Weapons
 + Level 5.6 Throwing
 + Level 5.6 Armour
 + Level 7.3 Dodging
 + Level 7.1 Stealth
 + Level 5.6 Shields
 + Level 5.6 Unarmed Combat
 + Level 7.6 Spellcasting
 + Level 4.6 Conjurations
 + Level 4.6 Hexes
 + Level 4.6 Summonings
 + Level 4.6 Necromancy
 + Level 4.6 Translocations
 + Level 4.6 Transmutations
 + Level 4.6 Fire Magic
 + Level 8.6 Ice Magic
 + Level 4.6 Air Magic
 + Level 4.6 Earth Magic
 + Level 4.6 Poison Magic
 + Level 6.2 Invocations
 + Level 5.6 Evocations
 + Level 5.1 Shapeshifting


You had 17 spell levels left.
You knew the following spells:

 Your Spells              Type           Power      Damage    Failure   Level
a - Freeze                Ice            100%       1d10      1%          1
b - Frozen Ramparts       Ice            66%        1d10      1%          3
c - Ozocubu's Armour      Ice            33%        N/A       1%          3

Your spell library contained the following spells:

 Spells                   Type           Power      Damage    Failure   Level
 Sting                    Tmut/Pois      84%        1d7       2%          1
 Poisonous Vapours        Pois/Air       42%        N/A       3%          2
 Stone Arrow              Conj/Erth      42%        3d9       7%          3
 Summon Ice Beast         Ice/Summ       27%        N/A       10%         4
 Animate Armour           Summ/Erth      42%        N/A       22%         4
 Olgreb's Toxic Radiance  Pois           21%        N/A       22%         4
 Discord                  Hex            10%        N/A       100%        8
 Ignition                 Fire           10%        3d5       100%        8
 Lehudib's Crystal Spear  Conj/Erth      10%        10d4      100%        8


Dungeon Overview and Level Annotations

Branches:
Dungeon (9/15)             Temple (1/1) D:4            Lair (0/5) D:9
    Orc: D:9-12

Altars:
Ashenzari
Cheibriados
Dithmenos
Elyvilon
Gozag
Hepliaklqana
Kikubaaqudgha
Makhleb
Okawaru
Qazlal
Ru
Sif Muna
Uskayaw
Vehumet
Xom
Yredelemnul
Zin
The Shining One

Shops:
D:1 (   D:4 ([   D:7 *


Innate Abilities, Weirdness & Mutations

You have very sharp teeth.
Your uncanny sense of smell can sniff out nearby items.
Your experience applies equally to all skills.
You have sharp toenails.
You are partially covered in iridescent scales. (AC +2)
You are dopey. (Int -2)
You are covered in fur. (AC +1)
You are occasionally teleported next to monsters.


Message History

Unknown command.
You are too injured to fight recklessly!
Unknown command.
You hit the yak.
The yak is poisoned.
You bite the yak, but do no damage.
The yak is moderately wounded.
The wall freezes the yak!
The yak completely misses you.
The wall freezes the yak.
The wight completely resists.
The wall freezes the wight but does no damage.
The wall freezes the yak!
Unknown command.
Unknown command.
You closely miss the yak.
The yak is heavily wounded.
The wall freezes the yak!
The yak gores you!
Unknown command.
Unknown command.
You barely miss the yak.
The yak is severely wounded.
The wall freezes the wight but does no damage.
The wight hits you from afar with a +3 spear!
* * * LOW HITPOINT WARNING * * *
The wall freezes the yak!
The wall freezes the yak.
The yak gores you.
* * * LOW HITPOINT WARNING * * *
Unknown command.
Unknown command.
Your icy armour cracks and falls away as you move.
The frozen ramparts melt away as you move.
The yak attacks as it pursues you! The yak gores you!
* * * LOW HITPOINT WARNING * * *
The wight attacks as it pursues you! The wight closely misses you.
There is a stone staircase leading up, spattered with blood here.
Unknown command.
The yak gores you but does no damage. The wight misses you.
The yak closely misses you.
You fly upwards.
There is a stone staircase leading down here.
Unknown command.
Unknown command.
Okay, then.
Are you sure you want to abandon this character and quit the game? (Confirm with "yes".)

....#..#....#.................###
...##....##......................
#.###..................#####.####
#............#...........# #.#...
...###...#.#.#.......#...###.#...
...........................#.#...
....#).....................#.^...
#.#...#........YY............#...
#.#))##.........@......#...#.#...
#.##.).....................#.#...
#.#........................#.####
...........##..............#.....
...<.....####.........##...##..##
.........# #......[...#...##.###
......#### #..........#.........
.)...### #..........#.........
....|..## #....................


You could see 2 yaks.

Vanquished Creatures
  Prince Ribbit (D:8)
  11 yaks
  2 steam dragons (D:7)
  A warg (D:9)
  4 water moccasins
  4 sky beasts
  An ice beast (D:4)
  An ogre (D:7)
  2 centaurs
  2 phantoms (D:6)
  Blork the orc (D:6)
  2 kobold brigands
  3 bullfrogs
  A scorpion (D:7)
  7 wights (D:8)
  5 killer bees (D:7)
  An electric eel (D:6)
  3 howler monkeys
  4 gnoll boudas
  An orc priest (D:5)
  4 hounds
  3 jellies
  2 sleepcaps
  3 iguanas
  2 orc wizards
  Ijyb (D:4)
  18 gnolls
  6 adders
  A shadow imp (D:5)
  3 white imps
  A worm (D:5)
  2 dart slugs
  21 orcs
  4 endoplasms
  A giant cockroach (D:4)
  7 goblins
  3 hobgoblins
  10 jackals
  7 kobolds
  2 quokkas
  4 ball pythons (D:1)
  3 bats
  A frilled lizard (D:1)
  A rat (D:2)
167 creatures vanquished.

Vanquished Creatures (others)
  2 wights (D:8)
2 creatures vanquished.

Grand Total: 169 creatures vanquished

Notes
Turn   | Place    | Note
-------+----------+-------------------------------------------
     0 | D:1      | gruber the Gnoll Ice Elementalist began the quest for the
                  | Orb.
     0 | D:1      | Reached XP level 1. HP: 13/13 MP: 6/6
    93 | D:1      | Found Exkoptoo's Weapon Emporium.
   484 | D:1      | Reached XP level 2. HP: 18/19 MP: 5/7
  1003 | D:2      | Reached skill level 5 in Spellcasting
  1003 | D:2      | Reached XP level 3. HP: 25/25 MP: 4/9
  1007 | D:2      | Learned a level 3 spell: Frozen Ramparts
  1011 | D:2      | Learned a level 3 spell: Ozocubu's Armour
  1094 | D:2      | Found a faded altar of an unknown god.
  1229 | D:2      | Reached skill level 1 in Invocations
  1977 | D:3      | Reached skill level 1 in Fighting
  1977 | D:3      | Reached skill level 1 in Short Blades
  1977 | D:3      | Reached skill level 1 in Long Blades
  1977 | D:3      | Reached skill level 1 in Axes
  1977 | D:3      | Reached skill level 1 in Maces & Flails
  1977 | D:3      | Reached skill level 1 in Polearms
  1977 | D:3      | Reached skill level 1 in Staves
  1977 | D:3      | Reached skill level 1 in Ranged Weapons
  1977 | D:3      | Reached skill level 1 in Throwing
  1977 | D:3      | Reached skill level 1 in Armour
  1977 | D:3      | Reached skill level 1 in Shields
  1977 | D:3      | Reached skill level 1 in Unarmed Combat
  1977 | D:3      | Reached skill level 1 in Evocations
  2073 | D:3      | Reached skill level 1 in Shapeshifting
  2073 | D:3      | Reached XP level 4. HP: 31/32 MP: 6/11
  2196 | D:3      | Found an opulent altar of Gozag.
  2218 | D:3      | Reached skill level 1 in Conjurations
  2218 | D:3      | Reached skill level 1 in Hexes
  2218 | D:3      | Reached skill level 1 in Summonings
  2218 | D:3      | Reached skill level 1 in Necromancy
  2218 | D:3      | Reached skill level 1 in Translocations
  2218 | D:3      | Reached skill level 1 in Transmutations
  2218 | D:3      | Reached skill level 1 in Fire Magic
  2218 | D:3      | Reached skill level 1 in Air Magic
  2218 | D:3      | Reached skill level 1 in Earth Magic
  2218 | D:3      | Reached skill level 1 in Poison Magic
  2313 | D:3      | Found a glowing silver altar of Zin.
  2313 | D:3      | Noticed an angel
  2756 | D:4      | Reached XP level 5. HP: 37/37 MP: 7/12
  2838 | D:4      | Found a staircase to the Ecumenical Temple.
  2857 | D:4      | Found a shimmering altar of Xom.
  2903 | D:4      | Noticed Ijyb
  2908 | D:4      | Found Rastyzu Loff's Antique Armour Shop.
  2908 | D:4      | Found Vuh Duog's Weapon Shop.
  2915 | D:4      | Killed Ijyb
  3016 | Temple   | Entered the Ecumenical Temple
  3232 | D:4      | Found an ancient bone altar of Kikubaaqudgha.
  3398 | D:4      | Noticed an ice beast
  3424 | D:4      | Killed an ice beast
  3425 | D:4      | Reached XP level 6. HP: 41/44 MP: 9/14
  3933 | D:5      | Entered Level 5 of the Dungeon
  3934 | D:5      | Found a stormy altar of Qazlal.
  3954 | D:5      | Reached skill level 5 in Dodging
  4248 | D:5      | Identified the +2 robe of Integrity {Harm rElec rCorr SInv}
  4502 | D:5      | Found a shimmering blue altar of Sif Muna.
  4698 | D:5      | Found a hazy altar of Hepliaklqana.
  4703 | D:5      | Reached XP level 7. HP: 42/51 MP: 8/15
  4703 | D:5      | Found a faded altar of an unknown god.
  5020 | D:6      | Identified the +1 leather armour of Jocular Life {rElec
                  | Str+3}
  5148 | D:6      | Reached skill level 5 in Stealth
  5373 | D:6      | Reached XP level 8. HP: 26/58 MP: 7/16
  5605 | D:6      | Noticed Blork the orc
  5619 | D:6      | Killed Blork the orc
  5701 | D:6      | Found a sacrificial altar of Ru.
  6286 | D:6      | Found a white marble altar of Elyvilon.
  6488 | D:7      | Gained mutation: You have hidden genetic potential. [potion
                  | of mutation]
  6488 | D:7      | Gained mutation: You are occasionally teleported next to
                  | monsters. [potion of mutation]
  6488 | D:7      | Gained mutation: You are dopey. (Int -2) [potion of
                  | mutation]
  6488 | D:7      | Gained mutation: You are covered in fur. (AC +1) [potion of
                  | mutation]
  6492 | D:7      | Reached XP level 9. HP: 22/65 MP: 7/18
  6999 | D:7      | Reached skill level 8 in Ice Magic
  7152 | D:7      | Gained mutation: You have sharp toenails. [hidden
                  | potential]
  7403 | D:7      | Found Seckedy's Lightly-Used Armoury.
  7635 | D:7      | Reached skill level 5 in Invocations
  8394 | D:4      | Bought a pair of crude boots for 209 gold pieces
  8394 | D:4      | Identified the +1 pair of boots "Avvidu" {Fly} (You bought
                  | it in a shop on level 4 of the Dungeon)
  8658 | D:8      | Reached XP level 10. HP: 69/73 MP: 5/20
  8707 | D:8      | Reached skill level 5 in Fighting
  8707 | D:8      | Reached skill level 5 in Short Blades
  8707 | D:8      | Reached skill level 5 in Long Blades
  8707 | D:8      | Reached skill level 5 in Axes
  8707 | D:8      | Reached skill level 5 in Maces & Flails
  8707 | D:8      | Reached skill level 5 in Polearms
  8707 | D:8      | Reached skill level 5 in Staves
  8707 | D:8      | Reached skill level 5 in Ranged Weapons
  8707 | D:8      | Reached skill level 5 in Throwing
  8707 | D:8      | Reached skill level 5 in Armour
  8707 | D:8      | Reached skill level 5 in Shields
  8707 | D:8      | Reached skill level 5 in Unarmed Combat
  8707 | D:8      | Reached skill level 5 in Evocations
  9084 | D:8      | Noticed Prince Ribbit
  9160 | D:8      | Killed Prince Ribbit
  9166 | D:8      | Gained mutation: You are partially covered in iridescent
                  | scales. (AC +2) [hidden potential]
  9166 | D:8      | Lost mutation: You have hidden genetic potential. [hidden
                  | potential expressed]
  9565 | D:8      | Found a basalt altar of Yredelemnul.
  9575 | D:8      | Reached skill level 5 in Shapeshifting
  9676 | D:9      | Noticed a +0 dagger
  9676 | D:9      | Noticed a +0 spear
  9677 | D:9      | Noticed a +0 short sword
  9678 | D:9      | Noticed a +0 falchion
  9678 | D:9      | Noticed a +0 spear
  9678 | D:9      | Noticed a +0 dagger
  9679 | D:9      | Noticed a +0 falchion
  9679 | D:9      | Noticed a +0 short sword
  9685 | D:9      | Found a hide-covered altar of Uskayaw.
  9695 | D:9      | Found a staircase to the Lair.
  9788 | D:9      | HP: 3/75 [yak (10)]
  9791 | D:8      | Quit the game

Illustrated notes

Levels and vault maps discovered:
D:1:      eino_arrival_cavern_a, layout_loops_ring, serial_shops, shop,
          chequers_decorated_corner
D:2:      layout_basic, hellmonk_ecumenical_altar_lost_god
D:3:      layout_rooms, zin_angel, nicolae_gozag_seed_capital
D:4:      layout_layer_cave, nicolae_overflow_crystal_walls, lemuel_round_altar,
          temple_fountains, serial_shops, shop, shop, minmay_misc_feat_ornament,
          grunt_decor_one_mirror, kennysheep_generic_room_3, uniq_ijyb
D:5:      layout_gridville, grunt_qazlal_sundering, kennysheep_orc_sif_temple,
          beargit_hepliaklqana_dungeon_heroes
D:6:      layout_rooms, hangedman_ru_absence, elyvilon_altar_5,
          minmay_misc_feat_pillars, serial_bayou_ford_a, uniq_blork_the_orc
D:7:      layout_layer_cave, minmay_shop_damaged, kennysheep_small_square
D:8:      layout_rooms, lemuel_tele_altar, uniq_prince_ribbit1
D:9:      layout_long_grid, nicolae_uskayaw_en_pointe,
          nemelex_xobeh_ov_fountains_minmay, erik_lair_orcish_takeover,
          orc_0_dummy, serial_glass, glass_columns_a, glass_columns_b,
          glass_columns_b, glass_columns_b, glass_columns_b, glass_columns_a,
          glass_columns_b, glass_columns_a, glass_columns_b, glass_columns_a,
          serial_shops, nicolae_shop_peninsula, shop, shop, shop,
          nicolae_lakefront_shop
Temple:   nicolae_temple_bog_church

Skill      XL: |  1  2  3  4  5  6  7  8  9 10 |
---------------+-------------------------------+-----
Spellcasting   | 5 6 7 |  7.6
Invocations    | 1 2 3 4 5 6 |  6.2
Fighting       | 1 2 3 4 5 |  5.6
Short Blades   | 1 2 3 4 5 |  5.6
Long Blades    | 1 2 3 4 5 |  5.6
Axes           | 1 2 3 4 5 |  5.6
Maces & Flails | 1 2 3 4 5 |  5.6
Polearms       | 1 2 3 4 5 |  5.6
Staves         | 1 2 3 4 5 |  5.6
Ranged Weapons | 1 2 3 4 5 |  5.6
Throwing       | 1 2 3 4 5 |  5.6
Armour         | 1 2 3 4 5 |  5.6
Shields        | 1 2 3 4 5 |  5.6
Unarmed Combat | 1 2 3 4 5 |  5.6
Evocations     | 1 2 3 4 5 |  5.6
Shapeshifting  | 1 2 3 4 5 |  5.1
Conjurations   | 1 2 3 4 |  4.6
Hexes          | 1 2 3 4 |  4.6
Summonings     | 1 2 3 4 |  4.6
Necromancy     | 1 2 3 4 |  4.6
Translocations | 1 2 3 4 |  4.6
Transmutations | 1 2 3 4 |  4.6
Fire Magic     | 1 2 3 4 |  4.6
Air Magic      | 1 2 3 4 |  4.6
Earth Magic    | 1 2 3 4 |  4.6
Poison Magic   | 1 2 3 4 |  4.6
Dodging        | 5 6 7 |  7.3
Stealth        | 5 6 7 |  7.1
Ice Magic      | 8 |  8.6

Action                     |  1- 3 |  4- 6 |  7- 9 | 10-12 || total
---------------------------+-------+-------+-------+-------++-------
  Melee: Unarmed           |     6 |       |       |       ||     6
         Bite              |     1 |     5 |    26 |    22 ||    54
         Short sword       |     2 |    50 |   174 |   112 ||   338
         Punch             |       |     1 |     6 |     3 ||    10
         Kick              |       |       |     3 |       ||     3
         Dagger            |       |       |       |    22 ||    22
   Cast: Freeze            |    41 |    43 |    42 |       ||   126
         Frozen Ramparts   |       |    10 |    29 |    14 ||    53
         Ozocubu's Armour  |       |     1 |    22 |    12 ||    35
  Evoke: Wand              |       |       |     2 |     6 ||     8
    Use: Potion            |       |       |     3 |       ||     3
   Stab: Sleeping          |     1 |     5 |     3 |       ||     9
 Armour: Robe              |    15 |    29 |     1 |       ||    45
         Leather armour    |       |       |   146 |    84 ||   230
  Dodge: Dodged            |    29 |    51 |   144 |    93 ||   317

Table legend: (Time is in decaauts)
 A = Elapsed time spent in this place.
 B = Non-inter-level travel time spent in this place.
 C = Inter-level travel time spent in this place.
 D = Time resting spent in this place.
 E = Time spent auto-exploring this place.
 F = Levels seen in this place.
 G = Mean time per level.
                   A        B        C        D        E       F      G
               +--------+--------+--------+--------+--------+-----+--------+
         Total |   9730 |   9288 |    442 |    149 |   7625 |  10 |  973.0 |
       Dungeon |   9596 |   9173 |    423 |    149 |   7625 |   9 | 1066.2 |
        Temple |    134 |    116 |     18 |      0 |      0 |   1 |  134.0 |
               +--------+--------+--------+--------+--------+-----+--------+

Top non-repeatable levels by time:
     D:7: 1956 daAuts
     D:4: 1389 daAuts
     D:6: 1368 daAuts
     D:8: 1175 daAuts
     D:5: 1163 daAuts
     D:2: 1022 daAuts
     D:1: 926 daAuts
     D:3: 528 daAuts
  Temple: 134 daAuts
     D:9: 66 daAuts
